 Dungeon Crawl Stone Soup version 0.28.0-47-ge53b351184 (webtiles) character file.

Game seed: 14157929843912140364

30 Eitelfritz the Ducker (level 3, -1/28 HPs)
             Began as a Demonspawn Gladiator on Apr 29, 2022.
             Slain by Sigmund
             ... wielding a +0 scythe
              (11 damage)
             ... on level 2 of the Dungeon.
             The game lasted 00:01:30 (1349 turns).

Eitelfritz the Ducker (Demonspawn Gladiator)        Turns: 1349, Time: 00:01:31

Health: -1/28      AC:  7    Str: 16    XL:     3   Next: 3%
Magic:  3/3        EV: 11    Int:  9    God:
Gold:   65         SH:  0    Dex: 14    Spells: 2/2 levels left

rFire   . . .      SeeInvis .   a - +0 long sword
rCold   . . .      Faith    .   (no shield)
rNeg    . . .      Spirit   .   e - +0 ring mail
rPois   .          Reflect  .   c - +0 helmet
rElec   .          Harm     .   (no cloak)
rCorr   .          Rampage  .   (no gloves)
Will    .....                   j - +0 pair of boots
Stlth   +.........              (no amulet)
HPRegen 0.09/turn               (no ring)
MPRegen 0.08/turn               (no ring)

@: no status effects
A: demonic guardian 1
a: no special abilities


You were on level 2 of the Dungeon.
You visited 1 branch of the dungeon, and saw 2 of its levels.

You collected 65 gold pieces.

Inventory:

Hand Weapons
 a - a +0 long sword (weapon)
Missiles
 b - 9 poisoned darts
 d - 2 throwing nets (quivered)
 i - 3 javelins
Armour
 c - a +0 helmet (worn)
 e - a +0 ring mail (worn)
 j - a +0 pair of boots (worn)
Scrolls
 f - a scroll of enchant armour {unknown}
 h - a scroll of blinking {unknown}
 k - a scroll of identify {unknown}
Potions
 g - 2 potions of invisibility {unknown}


   Skills:
 + Level 2.3 Fighting
 + Level 3.0 Long Blades
 + Level 1.9 Throwing
 + Level 0.1 Armour
 + Level 3.2 Dodging


You had 2 spell levels left.
You didn't know any spells.
Your spell library was empty.

Dungeon Overview and Level Annotations

Branches:
Dungeon (2/15)

Altars:

Annotations:
D:2 Sigmund


Innate Abilities, Weirdness & Mutations

A weak demonic guardian rushes to your aid.


Message History

Aim: Sigmund, wielding a +0 scythe and wearing a +0 robe (55% to hit)
You throw a throwing net. The throwing net hits Sigmund.
Sigmund is caught in the net!
Sigmund struggles against the net.
Sigmund struggles against the net.
You slash Sigmund!
Sigmund is moderately wounded.
Sigmund struggles against the net.
You hit Sigmund.
Sigmund is heavily wounded.
Sigmund gestures wildly while chanting.
Sigmund flickers and vanishes!
Deactivating autopickup; reactivate with Ctrl-A.
Something wriggles in the net.
You hit something. You hit something.
Something wriggles in the net.
All of a sudden the net rips apart!
You hear some strange, mumbled words.
Something tries to affect you, but you resist.
Unknown command.
You slash something! Something hits you but does no damage.
A hobgoblin comes into view.
You closely miss something.
The hobgoblin shouts!
Something hits you!
You closely miss something.
You hear some strange, mumbled words.
A magic dart appears from out of thin air!
The magic dart hits you but does no damage.
You hit something but do no damage. Something hits you.
You miss something. Something hits you.
You hit something. You closely miss something.
Something hits you but does no damage.
The hobgoblin hits you but does no damage.
You hit something but do no damage.
You hear some strange, mumbled words.
A magic dart appears from out of thin air!
The magic dart hits you. The hobgoblin hits you.
You closely miss something. Something hits you!
You die...

###....................#
..###................#
...# #...............##
....# ##......##.....##
####...######## #...#
...#...## ###
........g##...##
...#.....@.....#
##........{.....#
###............#
..............#
####..........##
##...##...## ##### ####


You could see a hobgoblin.

Vanquished Creatures
  An adder (D:2)
  2 ball pythons
  4 endoplasms
  2 giant cockroaches
  4 hobgoblins
  A bat (D:1)
  3 frilled lizards
  2 kobolds (D:1)
  A rat (D:1)
20 creatures vanquished.

Notes
Turn   | Place    | Note
-------+----------+-------------------------------------------
     0 | D:1      | Eitelfritz the Demonspawn Gladiator began the quest for the
                  | Orb.
     0 | D:1      | Reached XP level 1. HP: 16/16 MP: 1/1
   539 | D:1      | Gained mutation: A weak demonic guardian rushes to your
                  | aid. [demonic ancestry]
   539 | D:1      | Reached XP level 2. HP: 21/22 MP: 2/2
  1316 | D:2      | Reached XP level 3. HP: 25/27 MP: 3/3
  1331 | D:2      | Noticed Sigmund
  1349 | D:2      | Slain by Sigmund

Illustrated notes

Levels and vault maps discovered:
D:1:      dpeg_arrival_snail, layout_loops_corners,
          chequers_serial_rivers_micro_c
D:2:      layout_rooms, uniq_sigmund

Skill      XL: |  1  2 |
---------------+-------+-----
Dodging        | 3 |  3.2
Long Blades    | 3 |  3.0
Fighting       | |  2.3
Throwing       | |  1.9
Armour         | |  0.1

Action                   || total
-------------------------++-------
Melee: Long sword        ||    72
Throw: Throwing net      ||     1
Armor: Ring mail         ||    21
Dodge: Dodged            ||    40
